 Dungeon Crawl Stone Soup version 0.27.0-1-g7a089689b8 (webtiles) character file.

Game seed: 15729802693336549224

35 avis the Chiller (level 3, -2/25 HPs)
             Began as a Barachi Ice Elementalist on Aug 14, 2021.
             Slain by a goblin (4 damage)
             ... led by Robin
             ... on level 1 of the Dungeon.
             The game lasted 00:07:24 (1186 turns).

avis the Chiller (Barachi Ice Elementalist)         Turns: 1186, Time: 00:07:26

Health: -2/25      AC:  2    Str: 10    XL:     3   Next: 35%
Magic:  5/7        EV: 12    Int: 15    God:
Gold:   21         SH:  0    Dex: 12    Spells: 7/8 levels left

rFire    . . .     SeeInvis .   e - +0 hand axe
rCold    . . .     Faith    .   (no shield)
rNeg     . . .     Spirit   .   a - +0 robe
rPois    .         Reflect  .   (no helmet)
rElec    .         Harm     .   (no cloak)
rCorr    .         Rampage  .   (no gloves)
Will     .....                  (no boots)
Stlth    ++........             (no amulet)
HPRegen  0.08/turn              (no ring)
MPRegen  0.10/turn              (no ring)

@: slow
A: amphibious, slowness 1, strong legs 1, +LOS
a: Hop


You were on level 1 of the Dungeon.
You visited 1 branch of the dungeon, and saw 2 of its levels.

You collected 21 gold pieces.

Inventory:

Hand Weapons
 b - a +0 dagger
 e - a +0 hand axe (weapon)
Missiles
 d - 32 arrows
 j - 45 stones
 m - 6 boomerangs
Armour
 a - a +0 robe (worn)
 i - a +0 ring mail
Scrolls
 f - a scroll of teleportation {unknown}
 g - a scroll of blinking {unknown}
 l - a scroll of vulnerability {unknown}
Potions
 c - a potion of lignification {unknown}
 h - a potion of flight {unknown}
 k - a potion of brilliance {unknown}


   Skills:
 + Level 0.4 Fighting
 - Level 2.1 Dodging
 - Level 2.0 Stealth
 - Level 3.0 Spellcasting
 * Level 5.4 Ice Magic


You had 7 spell levels left.
You knew the following spells:

 Your Spells              Type           Power      Damage    Failure   Level
a - Freeze                Ice            72%        1d9       2%          1

Your spell library contained the following spells:

 Spells                   Type           Power      Damage    Failure   Level
 Frozen Ramparts          Ice            36%        1d5       6%          3
 Ozocubu's Armour         Ice            18%        N/A       6%          3
 Hailstorm                Conj/Ice       10%        3d5       54%         4


Dungeon Overview and Level Annotations

Branches:
Dungeon (2/15)

Altars:


Innate Abilities, Weirdness & Mutations

You are amphibious.
You cover ground slowly.
You can hop short distances.
You have an extended range of vision and can be seen from far away.


Message History

Magic restored.
You start resting.
HP restored.
You climb downwards.
A goblin comes into view. It is wielding a +0 club.
The goblin shouts!
You hear a shout!
The goblin hits you with a +0 dagger.
The goblin unwields a +0 club.
The goblin wields a +1 hunting sling of flaming.
It bursts into flame!
The goblin shoots a stone.
The stone hits you. The stone burns you. The hobgoblin hits you.
The goblin hits you with a +0 dagger.
A rat comes into view.
The goblin hits you but does no damage. The goblin barely misses you.
The hobgoblin closely misses you.
There is a stone staircase leading up here.
The goblin hits you with a +0 dagger.
* * * LOW HITPOINT WARNING * * *
The hobgoblin completely misses you. The goblin hits you with a +0 dagger.
* * * LOW HITPOINT WARNING * * *
You climb upwards.
There is a stone staircase leading down here.
Casting: Freeze (safe; 2% risk of failure)
Confirm with . or Enter, or press ? or * to list all spells.
Aiming: Freeze (safe; 2% risk of failure)
Press: ? - help, Shift-Dir - straight line, f - goblin
Aim: a goblin, wielding a +0 dagger You freeze the goblin.
You kill the goblin!
The goblin closely misses you. The goblin hits you but does no damage.
The hobgoblin misses you.
Items here: ))) †††.
Casting: Freeze (safe; 2% risk of failure)
Confirm with . or Enter, or press ? or * to list all spells.
Aiming: Freeze (safe; 2% risk of failure)
Press: ? - help, Shift-Dir - straight line, f - goblin
Aim: a goblin, wielding a +0 dagger You freeze the goblin.
The goblin is moderately wounded.
The goblin hits you with a +0 dagger.
You die...

#.# ###.........).#.# #.#
#..#####.#..#.## #.#
#...........)..# #.###
#...####.#.###.# #...#
#...# #.#.# #.# ###.##
#...# ##.#.# #.# ##...##
#...# #..#.# #.#
##.....#####...# #.##.# #..
#.........@gg..###.##.# #..
#........###g.........# #.#
#........##...###...#####..
##.....................####
##...#.###...###...##.##
#####.###...####.##...##
#.....#......#.....##
#####...#####........
########.#######.....##


You could see a hobgoblin and 2 goblins.

Vanquished Creatures
  4 bats
  2 endoplasms (D:1)
  3 giant cockroaches (D:1)
  5 hobgoblins (D:1)
  2 jackals (D:1)
  2 quokkas (D:1)
  A ball python (D:1)
  3 frilled lizards (D:1)
  6 goblins (D:1)
  2 rats (D:1)
30 creatures vanquished.

Notes
Turn   | Place    | Note
-------+----------+-------------------------------------------
     0 | D:1      | avis the Barachi Ice Elementalist began the quest for the
                  | Orb.
     0 | D:1      | Reached XP level 1. HP: 13/13 MP: 3/3
   176 | D:1      | Reached skill level 5 in Ice Magic
   176 | D:1      | Reached XP level 2. HP: 15/19 MP: 2/5
   727 | D:1      | Reached XP level 3. HP: 24/24 MP: 5/7
  1186 | D:1      | Slain by a goblin

Illustrated notes

Levels and vault maps discovered:
D:1:      mrwooster_arrival_statue_2, layout_loops_ring
D:2:      layout_rooms, minivault_27, minmay_rat_hole, uniq_robin

Skill      XL: |  1  2  3 |
---------------+----------+-----
Ice Magic      | 5 |  5.4
Spellcasting   | 3 |  3.0
Stealth        | 2 |  2.0
Fighting       | |  0.4
Dodging        | |  2.1

Action                   || total
-------------------------++-------
Melee: Dagger            ||     3
 Cast: Freeze            ||    41
 Stab: Sleeping          ||     1
Armor: Robe              ||     6
Dodge: Dodged            ||    28
